 Dungeon Crawl Stone Soup version 0.17-a0-1920-gafa4d75 (webtiles) character file.

686116 mrath the Impregnable (level 27, -8/204 HPs)
             Began as a Minotaur Fighter on Sept 18, 2015.
             Was a High Priest of Okawaru.
             Blown up by a cacodemon (17 damage)
             ... with a bolt of energy
             ... on level 4 of the Depths on Sept 27, 2015.
             The game lasted 23:04:16 (103617 turns).

mrath the Impregnable (Minotaur Fighter)          Turns: 103617, Time: 23:04:16

Health: -8/204     AC: 49    Str: 37    XL:     27
Magic:  32/34      EV: 29    Int:  5    God:    Okawaru [*****.]
Gold:   6447       SH: 22    Dex: 21    Spells: 0 memorised, 26 levels left

rFire  + . .     SeeInvis +     l - +10 spear of Fakhluclo {elec, rC+}
rCold  + + +     Clarity  .     T - +6 crystal plate armour {rC+}
rNeg   + . .     SustAt   .     H - +2 shield of Resistance {rF+ rC+ MR+}
rPois  +         Gourm    .     V - +2 hat of the Evening {*Drain rPois Str+2 Dex+4}
rElec  +         Spirit   .     z - +2 cloak {rPois}
rCorr  +         Warding  +     A - +2 pair of gloves {Str+3}
rMut   .         Rnd*Tele +     I - +0 pair of boots of the Armadillo {rElec rCorr}
MR     ++++.                    u - amulet of warding
Stlth  ..........               a - ring of see invisible
                                M - +3 ring of protection

@: agile, glowing, incredibly resistant to hostile enchantments, extremely
unstealthy
A: retaliatory headbutt, horns 2, frail 2, magic resistance 1, teleportitis 1,
subdued magic 1, MP-powered wands
a: Heroism, Finesse, Renounce Religion
0: Orb of Zot
}: 3/15 runes: decaying, serpentine, silver


You were on level 4 of the Depths.
You worshipped Okawaru.
Okawaru was extremely pleased with you.
You were not hungry.

You visited 11 branches of the dungeon, and saw 55 of its levels.
You also visited: Sewer and Ice Cave.

You collected 8060 gold pieces.
You spent 1613 gold pieces at shops.

Inventory:

Hand weapons
 l - the +10 spear of Fakhluclo (weapon) {elec, rC+}
   (You found it on level 4 of the Lair of Beasts)

   Occasionally, upon striking a foe, it will discharge some electrical energy
   and cause terrible harm.
   It protects you from cold.
 n - a +4 hunting sling of evasion
Missiles
 e - 42 tomahawks (quivered)
 s - 30 poisoned sling bullets
 y - 103 exploding sling bullets
 D - 7 steel sling bullets
 J - 46 sling bullets of frost
Armour
 z - a +2 cloak of poison resistance (worn)
 A - a +2 pair of gloves of strength (worn)
 H - the +2 shield of Resistance (worn) {rF+ rC+ MR+}
   (You took it off Donald on level 1 of the Swamp)

   It protects you from fire.
   It protects you from cold.
   It affects your resistance to hostile enchantments.
 I - the +0 pair of boots of the Armadillo (worn) {rElec rCorr}
   (Okawaru gifted it to you on level 2 of the Vaults)

   It insulates you from electricity.
   It protects you from acid and corrosion.
 T - a +6 crystal plate armour of cold resistance (worn)
 V - the +2 hat of the Evening (worn) {*Drain rPois Str+2 Dex+4}
   (Okawaru gifted it to you on level 2 of the Depths)

   It affects your strength (+2).
   It affects your dexterity (+4).
   It protects you from poison.
   It causes draining when unequipped.
Jewellery
 a - a ring of see invisible (right hand)
 c - an uncursed ring of invisibility
 o - the ring "Dusidam" {EV+2 Int+4}
   (You acquired it on level 2 of the Lair of Beasts)

   [ring of evasion]

   It affects your evasion (+2).
   It affects your intelligence (+4).
 u - an amulet of warding (around neck)
 w - an uncursed amulet of resist corrosion
 B - an uncursed ring of protection from magic
 M - a +3 ring of protection (left hand)
 W - an uncursed ring of positive energy
Magical devices
 i - a wand of digging (8)
 x - a wand of cold (11)
 O - a wand of fire (5)
 R - a wand of lightning (11)
 S - a wand of fireball (8)
Scrolls
 b - 7 scrolls of blinking
 g - 4 scrolls of fog
 j - 10 scrolls of fear
 r - 4 scrolls of holy word
 v - 19 scrolls of teleportation
 F - 4 scrolls of identify
 L - 16 scrolls of remove curse
Potions
 h - 13 potions of heal wounds
 k - a potion of cure mutation
 m - a potion of cancellation
 p - 16 potions of curing
 q - 2 potions of agility
 t - 2 potions of berserk rage
 G - 2 potions of might
 N - 2 potions of resistance
 X - 7 potions of flight
 Y - 3 potions of haste
Miscellaneous
 d - 3 phantom mirrors
 f - a lamp of fire
 E - a box of beasts
 P - a fan of gales
 Z - a stone of tremors
Comestibles
 C - 17 meat rations
 Q - 2 bread rations
 U - 5 royal jellies


   Skills:
 + Level 22.7 Fighting
   Level 10.3(17.7) Axes
   Level 8.4(10.6) Maces & Flails
 + Level 21.3(21.9) Polearms
 + Level 19.1 Slings
 + Level 23.2 Armour
 + Level 21.0 Dodging
 + Level 23.2 Shields
 - Level 8.9 Invocations
 + Level 17.5 Evocations


You had 26 spell levels left.
You didn't know any spells.

Dungeon Overview and Level Annotations

Branches:
Dungeon (15/15)            Temple (1/1) D:6            Lair (8/8) D:9
  Swamp (4/4) Lair:4        Snake (4/4) Lair:5          Orc (4/4) D:10
    Elf (3/3) Orc:4        Vaults (5/5) D:14          Crypt (0/3) Vaults:2
 Depths (5/5) D:15           Hell (1/1)                 Dis (0/7) Hell
    Geh (0/7) Hell            Tar (0/7) Hell            Zot (5/5) Depths:5
  Slime: Lair:6-8       Coc: Hell:1

Altars:
Ashenzari
Cheibriados
Dithmenos
Elyvilon
Fedhas
Gozag
Kikubaaqudgha
Makhleb
Nemelex Xobeh
Okawaru
Qazlal
Ru
Sif Muna
Trog
Vehumet
Xom
Yredelemnul
Zin
The Shining One
Beogh
Jiyva
Lugonu

Shops:
D:13 *   D:14 (   Orc:4 [?(%   Snake:1 *   Vaults:1 *(:   Vaults:4 :
Vaults:5 ??%

Portals:
Hell: Depths:1 Depths:2 Depths:3 Depths:4 Depths:5
Abyss: Depths:2 Depths:4 Depths:5
Pandemonium: Depths:2 Depths:3
Ziggurat: Depths:3

Annotations:
D:13 exclusion: obsidian statue
Lair:7 exclusion: oklob plant
Lair:8 exclusion: 3 oklob plants
Hell exclusion: ice statue


Innate Abilities, Weirdness & Mutations

You reflexively headbutt those who attack you in melee.
You have a pair of horns on your head.
You are very frail (-20% HP).
You are resistant to hostile enchantments.
You are occasionally teleported to nearby monsters.
Your spells are a little easier to cast, but a little less powerful.
You expend magic power (3 MP) to strengthen your wands.


Message History

Something smites you!
* * * LOW HITPOINT WARNING * * *
The cacodemon completely misses you. You furiously retaliate!
You headbutt the cacodemon, but do no damage.
The cacodemon misses you. You block the angel's attack.
The angel hits you but does no damage. The orange demon completely misses you.
The sun demon misses you. You furiously retaliate!
You headbutt the sun demon, but do no damage.
The Orb Guardian completely misses you.
You puncture the cacodemon!
The cacodemon is moderately wounded.
You block the angel's attack.
The angel hits you with a whip of holy wrath.
* * * LOW HITPOINT WARNING * * *
You impale the cacodemon!!
The cacodemon is heavily wounded.
You block the Orb Guardian's attack. You block the sun demon's attack.
The cacodemon gestures at you. The bolt of energy hits you!
You die...

#.................#
#.................#
#.............#####
#.............#
##.##.....((..######
#...........((.....
#..####.....(((..(.
#.#A..##......#######
#.3@#4.....(##.)∩))#
##2AX4......#).))).)
##.....#..[#.(.....
#.........(...8.(.
#....##........[...
#...###.......)....
#..## #.####.##....
#.## #.####....... ##
#....########


You could see a daeva, an angel, a cacodemon, an Orb Guardian, a sun demon and
an orange demon.

Vanquished Creatures
  5 orbs of fire
  Mara (Swamp:4)
  5 ancient liches
  5 juggernauts
  5 pandemonium lords
  Frederick (Vaults:5)
  the Lernaean hydra (Swamp:4)
  Margery (Depths:4)
  Saint Roka (Orc:4)
  Vashnia (Snake:4)
  4 Killer Klowns
  The ghost of Armakuni the Human Blade, a great HuWn of Elyvilon (Vaults:5)
  2 curse toes
  3 caustic shrikes (Depths:2)
  Geryon (Hell)
  23 golden dragons
  Nikola (Swamp:1)
  the Enchantress (Depths:3)
  Xtahua (Vaults:4)
  A bone dragon (Depths:5)
  5 electric golems
  The ghost of PeterLawrence the Warrior, a mighty MiFi of the Shining One (Elf:2)
  Jorgrun (Elf:3)
  4 liches
  28 Orb Guardians
  2 Ice Fiends
  15 tentacled monstrosities
  Asterion (Snake:4)
  2 quicksilver dragons
  3 deep elf blademasters
  2 titans
  14 death cobs
  5 sphinxes
  4 tengu reavers
  Gastronok (D:12)
  The ghost of shakdrar the Sorcerer, a mighty DEEE of Vehumet (Lair:6)
  A thorn hunter (Swamp:4)
  2 octopode crushers
  2 ancient champions
  A revenant (Depths:4)
  14 storm dragons
  9 greater nagas
  A draconian monk (Zot:4)
  8 shadow dragons
  Donald (Swamp:1)
  10 frost giants
  4 iron dragons
  6 draconian knights
  8 draconian scorchers
  Louise (Swamp:4)
  A draconian zealot (Zot:5)
  A cacodemon (Zot:3)
  8 fire giants
  A curse skull (Zot:3)
  6 draconian shifters
  2 orc warlords
  9 deep elf sorcerers
  The ghost of shakdrar the Bludgeoner, a powerful MiFi of the Shining One (Orc:4)
  3 balrugs
  3 spriggan defenders (Depths:3)
  The ghost of ololoev the Bludgeoner, a powerful MiBe of Trog (Swamp:4)
  17 vault wardens
  7 ironheart preservers
  5 reapers
  5 draconian annihilators
  12 very ugly things
  2 war gargoyles
  21 stone giants
  3 draconian callers
  7 green draconians
  6 black draconians
  A vampire knight (Depths:1)
  6 white draconians
  14 deep elf annihilators
  9 deep elf demonologists
  12 mottled draconians
  A large abomination (Vaults:5)
  A mottled draconian (shapeshifter) (Zot:3)
  A yellow draconian (shapeshifter) (Zot:3)
  6 purple draconians
  12 yellow draconians
  4 red draconians
  15 ettins
  Snorg (D:14)
  17 fire dragons
  33 vault guards
  20 yaktaur captains
  4 deep elf death magi
  A crystal guardian (Zot:3)
  A quicksilver dragon zombie (Depths:1)
  12 great orbs of eyes
  Josephine (Lair:4)
  3 jiangshi (Depths:4)
  7 deep elf high priests
  7 entropy weavers
  Fannar (Lair:1)
  22 ice dragons
  Harold (Orc:2)
  15 ogre magi
  15 naga warriors
  3 spriggan air magi
  9 centaur warriors
  27 hydras
  A catoblepas (Lair:5)
  A ghost crab (shapeshifter) (Vaults:5)
  7 rakshasas
  8 anacondas
  2 ghost crabs
  11 deep troll shamans
  14 dancing weapons
  An anaconda (shapeshifter) (Depths:2)
  6 alligators
  7 spriggan berserkers
  A vampire mage (Depths:4)
  3 death yaks
  8 tengu warriors
  5 soul eaters
  A death yak (shapeshifter) (Zot:3)
  7 shock serpents
  22 hell knights
  6 deep troll earth magi
  Urug (Orc:3)
  10 sun demons
  2 orc high priests (Orc:4)
  8 spriggans
  18 naga sharpshooters
  3 hell hogs
  An iron golem (Depths:4)
  Nergalle (Orc:1)
  A titan skeleton (Vaults:1)
  2 fire crabs
  4 iron trolls
  3 small abominations
  10 ice devils
  3 salamander mystics
  A storm dragon skeleton (Vaults:5)
  16 deep elf knights
  6 giant orange brains
  11 hill giants
  10 skeletal warriors
  3 unseen horrors
  7 sea snakes
  A shadow wraith (Vaults:2)
  4 shambling mangroves
  11 swamp dragons
  The ghost of dadoka the Basher, an experienced OgFi of Makhleb (D:7)
  25 deep trolls
  3 ice statues
  A giant orange brain (shapeshifter) (Vaults:5)
  An obsidian statue (Elf:2)
  6 flayed ghosts
  A harpy (shapeshifter) (Vaults:4)
  4 harpies (Vaults:4)
  3 orb spiders (Zot:3)
  An anaconda skeleton (Hell)
  6 mana vipers
  54 ugly things
  13 deep elf summoners
  9 naga ritualists
  10 ironbrand convokers
  14 orc knights
  3 phantasmal warriors
  4 wolf spiders
  12 griffons
  A shadow dragon skeleton (Vaults:5)
  11 necromancers
  2 wizards (Depths:2)
  2 frost giant zombies
  A human zombie (Vaults:2)
  A salamander (shapeshifter) (Vaults:2)
  19 salamanders
  A hornet (shapeshifter) (Vaults:3)
  6 cyclopes
  A manticore (shapeshifter) (Vaults:4)
  17 deep elf conjurers
  2 manticores
  5 orc sorcerers
  32 moths of wrath
  2 sixfirhies
  17 vault sentinels
  35 black mambas
  A stone giant skeleton (Vaults:3)
  An elephant (shapeshifter) (D:13)
  An octopode (shapeshifter) (Depths:3)
  14 spiny frogs
  A water nymph (shapeshifter) (Orc:4)
  Joseph (D:7)
  13 elephants
  5 hornets
  2 gargoyles
  A guardian serpent (shapeshifter) (Vaults:3)
  A storm dragon simulacrum (Vaults:5)
  3 human skeletons
  4 rust devils (Depths:4)
  A torpor snail (Lair:6)
  6 guardian serpents
  6 centaur zombies
  3 smoke demons
  2 hellions (Zot:4)
  2 orange demons
  2 kobold demonologists
  3 fire drakes
  34 naga magi
  2 fire drakes (shapeshifter)
  A moth of wrath (shapeshifter) (Depths:4)
  A yaktaur zombie (Vaults:1)
  A demonic crawler (Depths:4)
  89 yaktaurs
  4 red devils
  3 efreet
  2 spiny frogs (shapeshifter)
  14 komodo dragons
  A queen bee (shapeshifter) (Vaults:5)
  3 freezing wraiths
  A hydra zombie (Hell)
  A troll (shapeshifter) (Vaults:2)
  10 trolls
  2 polar bears
  6 tengu conjurers
  A jumping spider (shapeshifter) (Vaults:1)
  19 deep elf priests
  4 jumping spiders
  A merfolk (D:12)
  39 slime creatures
  A blink frog (shapeshifter) (D:13)
  7 giant leeches
  4 harpy zombies (Zot:3)
  A wind drake (shapeshifter) (Vaults:4)
  30 blink frogs
  4 boulder beetles
  3 raiju (Zot:3)
  22 blue devils
  A stone giant simulacrum (Vaults:1)
  A flying skull (Vaults:2)
  16 bog bodies
  An alligator zombie (Hell)
  A wyvern (shapeshifter) (Depths:1)
  21 two-headed ogres
  3 air elementals (Depths:4)
  27 yaks
  A ynoxinul (Zot:3)
  18 redbacks
  A vampire (D:15)
  3 water elementals
  4 fire elementals
  9 hippogriffs
  The ghost of kosy22 the Ruffian, an average TrTm (D:6)
  5 wraiths
  26 deep elf magi
  A hippogriff (shapeshifter) (Vaults:3)
  A tarantella (Depths:5)
  A tarantella (shapeshifter) (Vaults:1)
  24 deep elf fighters
  9 wargs
  A yaktaur simulacrum (Depths:1)
  6 basilisks
  A neqoxec (Zot:3)
  11 wolves
  3 wyverns
  3 hungry ghosts
  4 mottled dragons
  3 human simulacra
  42 vampire mosquitoes
  20 insubstantial wisps
  63 nagas
  14 swamp worms
  17 water moccasins
  A hydra simulacrum (Hell)
  A sky beast (D:14)
  A spiny frog zombie (Hell)
  Duvessa (D:5)
  9 hell hounds
  58 orc warriors
  20 porcupines
  2 black bears
  2 eyes of draining (shapeshifter)
  An eye of draining (D:12)
  A hornet simulacrum (D:15)
  5 boggarts
  3 necrophages
  59 ogres
  19 wasps
  12 swamp drakes
  12 ice beasts
  17 crocodiles
  2 ettin simulacra (Vaults:2)
  11 centaurs
  A giant frog (shapeshifter) (D:14)
  43 giant frogs
  2 big kobolds
  A wyvern skeleton (D:11)
  A glowing shapeshifter simulacrum (Vaults:3)
  3 scorpions
  Dowan (D:5)
  10 killer bees (D:14)
  6 crimson imps
  7 electric eels
  5 hounds
  40 orc wizards
  2 lava snakes (Snake:3)
  4 quasits
  5 centaur skeletons
  2 giant frog zombies
  A gnoll shaman (D:6)
  Crazy Yiuf (D:5)
  13 iguanas
  8 jellies
  An iron imp (Depths:4)
  39 orc priests
  3 giant frog skeletons
  12 worker ants
  44 sheep
  2 hound skeletons
  A worker ant zombie (D:6)
  7 adders
  7 gnolls
  84 river rats
  7 shadow imps
  8 white imps (IceCv)
  6 ufetubi (IceCv)
  17 oozes
  An adder skeleton (D:7)
  2 worms
  20 giant geckos
  243 orcs
  12 ball pythons
  5 hobgoblins
  22 jackals
  6 quokkas
  9 bats
  15 giant cockroaches
  2 giant gecko skeletons
  13 giant newts
  6 goblins
  A jackal skeleton (D:5)
  14 kobolds
  A quokka zombie (D:7)
  13 rats
  A butterfly (Zot:3)
  4 crawling corpses
  4 fungi
  8 plants (Lair:8)
2978 creatures vanquished.

Vanquished Creatures (collateral kills)
  An ironheart preserver (Vaults:1)
  A brain worm (shapeshifter) (Vaults:1)
2 creatures vanquished.

Vanquished Creatures (others)
  3 eldritch tentacles
  A tengu reaver (Depths:3)
  A yaktaur captain (Vaults:5)
  A deep elf knight (Elf:2)
  A moth of wrath (Zot:5)
  A naga mage (Snake:4)
  A bog body (Swamp:1)
  2 deep elf fighters (Elf:2)
  A vampire mosquito (Swamp:3)
  A quasit (Zot:5)
  An iron imp (Hell)
  3 ufetubi (IceCv)
  3 bushes
  307 eldritch tentacle segments
  32 fungi
  16 plants
375 creatures vanquished.

Grand Total: 3355 creatures vanquished

Notes
Turn   | Place    | Note
--------------------------------------------------------------
     0 | D:1      | mrath the Minotaur Fighter began the quest for the Orb.
     0 | D:1      | Reached XP level 1. HP: 19/19 MP: 0/0
   609 | D:1      | Reached XP level 2. HP: 23/26 MP: 1/1
  1115 | D:1      | Reached skill level 4 in Axes
  1563 | D:2      | Reached XP level 3. HP: 27/31 MP: 2/2
  1684 | D:2      | Found a deep blue altar of Sif Muna.
  1852 | D:2      | Found an iron altar of Okawaru.
  1862 | D:2      | Became a worshipper of Warmaster Okawaru
  2379 | D:3      | Found a blossoming altar of Fedhas.
  2436 | D:3      | Reached skill level 5 in Axes
  2473 | D:3      | Found a stormy altar of Qazlal.
  2604 | D:3      | Reached XP level 4. HP: 35/39 MP: 3/3
  3094 | D:3      | Found a white marble altar of Elyvilon.
  3372 | D:4      | Found a glowing drain.
  3417 | Sewer    | Entered a sewer
  3433 | Sewer    | Reached skill level 6 in Axes
  3494 | Sewer    | Reached XP level 5. HP: 39/45 MP: 4/4
  3761 | Sewer    | Reached skill level 7 in Axes
  3830 | Sewer    | Noticed a giant frog
  3831 | Sewer    | Noticed a giant frog
  3840 | Sewer    | Killed a giant frog
  3840 | Sewer    | Reached XP level 6. HP: 43/51 MP: 5/5
  3842 | Sewer    | Killed a giant frog
  3842 | Sewer    | Acquired Okawaru's first power
  3842 | Sewer    | Reached skill level 8 in Axes
  4141 | D:4      | You fall through a shaft for 2 floors!
  4171 | D:5      | Entered Level 5 of the Dungeon
  4332 | D:4      | Noticed an ogre
  4340 | D:4      | Killed an ogre
  4340 | D:4      | Reached XP level 7. HP: 15/58 MP: 6/6
  4946 | D:5      | Found a shattered altar of Ashenzari.
  5014 | D:5      | Reached skill level 1 in Dodging
  5014 | D:5      | Reached skill level 1 in Invocations
  5215 | D:5      | Found a burning altar of Makhleb.
  5230 | D:5      | Reached skill level 9 in Axes
  5550 | D:5      | Noticed Duvessa
  5552 | D:5      | Noticed Dowan
  5556 | D:5      | Killed Dowan
  5594 | D:5      | Killed Duvessa
  5895 | D:5      | Reached XP level 8. HP: 63/67 MP: 8/8
  5997 | D:5      | Noticed Crazy Yiuf
  6004 | D:5      | Killed Crazy Yiuf
  6349 | D:6      | Found a staircase to the Ecumenical Temple.
  6392 | D:6      | Found a viscous altar of Jiyva.
  6403 | D:6      | Reached skill level 5 in Armour
  6515 | Temple   | Entered the Ecumenical Temple
  6716 | D:6      | Noticed kosy22's ghost (average TrTm)
  6723 | D:6      | Paralysed by kosy22's ghost for 3 turns
  6741 | D:6      | Killed kosy22's ghost
  6741 | D:6      | Reached skill level 5 in Fighting
  6741 | D:6      | Reached skill level 5 in Shields
  7114 | D:6      | Found a sacrificial altar of Ru.
  7808 | D:7      | Reached XP level 9. HP: 49/74 MP: 10/10
  7937 | D:7      | Found a shimmering altar of Xom.
  8146 | D:7      | Noticed Joseph
  8156 | D:7      | Killed Joseph
  8156 | D:7      | Reached skill level 10 in Axes
  8156 | D:7      | Reached skill level 5 in Dodging
  8407 | D:7      | Noticed dadoka's ghost (experienced OgFi)
  8577 | D:8      | Got an iridescent flail
  8769 | D:8      | Found a basalt altar of Yredelemnul.
  9118 | D:8      | Got a pair of ancient boots
  9129 | D:8      | Identified the +0 pair of boots of the Turtle {rElec MR- Dex+4} (You found it on level 8 of the Dungeon)
  9254 | D:8      | Found a sparkling altar of Nemelex Xobeh.
  9477 | D:9      | Identified the +3 flail of Qaxoopte {antimagic, *Drain rC+ Int+5} (You found it on level 8 of the Dungeon)
  9705 | D:9      | Reached skill level 1 in Maces & Flails
  9864 | D:9      | Found a staircase to the Lair.
  9939 | D:9      | Found a shimmering altar of Xom.
  9941 | D:9      | Noticed an angel
  9945 | D:9      | Found a glowing silver altar of Zin.
 10162 | D:10     | Entered Level 10 of the Dungeon
 10253 | D:10     | Reached XP level 10. HP: 86/86 MP: 4/12
 10301 | D:10     | Noticed a hill giant
 10318 | D:10     | Killed a hill giant
 10318 | D:10     | Reached skill level 5 in Invocations
 10466 | D:10     | Acquired Okawaru's second power
 10707 | D:10     | Noticed a hill giant
 10736 | D:10     | Killed a hill giant
 11255 | D:10     | Found a staircase to the Orcish Mines.
 11789 | D:11     | Killed an unseen horror
 11789 | D:11     | Reached XP level 11. HP: 40/94 MP: 2/14
 12366 | D:11     | Received a gift from Okawaru
 12548 | D:11     | Noticed a manticore
 12564 | D:11     | Killed a manticore
 12564 | D:11     | Reached skill level 5 in Maces & Flails
 13034 | Lair:1   | Entered Level 1 of the Lair of Beasts
 13061 | Lair:1   | Noticed a seven-headed hydra
 13088 | Lair:1   | Killed a seven-headed hydra
 13387 | Lair:1   | Noticed Fannar
 13476 | Lair:1   | Killed Fannar
 13675 | Lair:1   | Upgraded the game from 0.17-a0-1850-g688e747 to 0.17-a0-1863-g715b4b0
 13751 | Lair:1   | Received a gift from Okawaru
 13761 | Lair:1   | Got a translucent ring mail {god gift}
 13973 | Lair:1   | Identified the +1 ring mail "Ripuqomm" {+Inv rC+ Stlth-} (Okawaru gifted it to you on level 1 of the Lair of Beasts)
 15300 | Lair:2   | Noticed a six-headed hydra
 15327 | Lair:2   | Killed a six-headed hydra
 15327 | Lair:2   | Reached XP level 12. HP: 14/106 MP: 0/16
 15794 | Lair:2   | Reached skill level 10 in Armour
 16168 | Lair:2   | Upgraded the game from 0.17-a0-1863-g715b4b0 to 0.17-a0-1880-gacf7e67
 16424 | D:7      | Killed dadoka's ghost
 16748 | Lair:3   | Reached skill level 10 in Fighting
 17515 | Lair:4   | Reached skill level 10 in Shields
 17550 | Lair:4   | Received a gift from Okawaru
 17743 | Lair:4   | Found a staircase to the Swamp.
 17782 | Lair:4   | Reached skill level 1 in Evocations
 18048 | Lair:4   | Got an ichor-stained spear
 18323 | Lair:4   | Noticed Josephine
 18353 | Lair:4   | Killed Josephine
 19092 | Lair:2   | Identified the +10 spear of Fakhluclo {elec, rC+} (You found it on level 4 of the Lair of Beasts)
 19247 | Lair:5   | Noticed a four-headed hydra
 19259 | Lair:5   | Killed a four-headed hydra
 19272 | Lair:5   | Found a staircase to the Snake Pit.
 19979 | Lair:5   | Reached XP level 13. HP: 115/115 MP: 18/18
 20380 | Lair:5   | Reached skill level 11 in Armour
 20476 | Lair:5   | Received a gift from Okawaru
 20700 | Lair:4   | Reached skill level 1 in Polearms
 20704 | Lair:4   | Noticed an eight-headed hydra
 20713 | Lair:4   | Killed an eight-headed hydra
 21019 | Lair:6   | Noticed shakdrar's ghost (mighty DEEE)
 21473 | Lair:6   | Received a gift from Okawaru
 21700 | Lair:6   | Killed shakdrar's ghost
 22180 | Lair:2   | Upgraded the game from 0.17-a0-1880-gacf7e67 to 0.17-a0-1882-g750edc8
 22493 | Lair:7   | Reached skill level 10 in Dodging
 22838 | Lair:7   | Received a gift from Okawaru
 22880 | Lair:7   | Found a blossoming altar of Fedhas.
 22994 | Lair:8   | Entered Level 8 of the Lair of Beasts
 23706 | Lair:8   | Reached skill level 5 in Polearms
 23742 | Lair:8   | Reached skill level 12 in Shields
 23977 | Lair:8   | Reached XP level 14. HP: 76/125 MP: 19/19
 24007 | Lair:8   | Reached skill level 5 in Evocations
 24792 | Lair:8   | Received a gift from Okawaru
 24793 | Lair:8   | Got a shimmering hat {god gift}
 25534 | Lair:2   | Identified the -2 hat of the Salmon {rC- Str+5} (Okawaru gifted it to you on level 8 of the Lair of Beasts)
 25750 | Orc:1    | Entered Level 1 of the Orcish Mines
 26084 | Orc:1    | Noticed Nergalle
 26100 | Orc:1    | Killed Nergalle
 26652 | Orc:2    | Noticed Harold
 26673 | Orc:2    | Killed Harold
 27049 | Orc:3    | Noticed Urug
 27059 | Orc:3    | Killed Urug
 28163 | Orc:2    | Found a roughly hewn altar of Beogh.
 28319 | Orc:4    | Entered Level 4 of the Orcish Mines
 28450 | Orc:4    | Noticed Saint Roka
 28721 | Orc:4    | Killed Saint Roka
 29076 | Orc:4    | Found a staircase to the Elven Halls.
 29300 | Orc:4    | Found a roughly hewn altar of Beogh.
 29367 | Orc:4    | Found a roughly hewn altar of Beogh.
 29405 | Orc:4    | Found a roughly hewn altar of Beogh.
 29444 | Orc:4    | Found Huti's Food Boutique.
 29720 | Orc:4    | Found a roughly hewn altar of Beogh.
 29726 | Orc:4    | Found Fokaorch's Magic Scroll Emporium.
 29740 | Orc:4    | Reached skill level 13 in Shields
 29816 | Orc:4    | Found a roughly hewn altar of Beogh.
 29869 | Orc:4    | Noticed shakdrar's ghost (powerful MiFi)
 29892 | Orc:4    | Killed shakdrar's ghost
 30062 | Orc:4    | Noticed an orc warlord
 30101 | Orc:4    | Killed an orc warlord
 30378 | Orc:4    | Found Feopi's Antique Weapon Shoppe.
 30382 | Orc:4    | Found Pimiz's Antique Armour Emporium.
 30384 | Orc:4    | Found a roughly hewn altar of Beogh.
 30410 | Orc:4    | Bought a pair of steaming boots for 275 gold pieces
 30410 | Orc:4    | Bought a glowing plate armour for 667 gold pieces
 30420 | Orc:4    | Identified the +0 pair of boots "Fumiaj" {Regen+ Int+3 Dex+5} (You bought it in a shop on level 4 of the Orcish Mines)
 30436 | Orc:4    | Bought a glowing hunting sling for 37 gold pieces
 30474 | Orc:4    | Bought a scroll of enchant weapon for 112 gold pieces
 30474 | Orc:4    | Bought 2 scrolls of identify for 60 gold pieces
 30474 | Orc:4    | Bought a scroll of identify for 30 gold pieces
 30474 | Orc:4    | Bought a scroll of fear for 52 gold pieces
 30474 | Orc:4    | Bought a scroll of holy word for 112 gold pieces
 30932 | Lair:2   | Gained mutation: Your flesh is cold resistant. [potion of beneficial mutation]
 30933 | Lair:2   | Gained mutation: You are resistant to hostile enchantments. [potion of beneficial mutation]
 31106 | D:12     | Killed an unseen horror
 31237 | D:12     | Reached XP level 15. HP: 134/134 MP: 20/20
 31274 | D:12     | Noticed Gastronok
 31276 | D:12     | Noticed a hill giant
 31285 | D:12     | Killed a hill giant
 31285 | D:12     | Received a gift from Okawaru
 31286 | D:12     | Got a slimy battleaxe {god gift}
 31301 | D:12     | Killed Gastronok
 31301 | D:12     | Reached skill level 1 in Slings
 31304 | D:12     | Noticed a hill giant
 31312 | D:12     | Killed a hill giant
 31314 | D:12     | Noticed a hill giant
 31324 | D:12     | Killed a hill giant
 31481 | D:12     | Noticed a five-headed hydra
 31490 | D:12     | Killed a five-headed hydra
 31881 | D:12     | Identified the +4 battleaxe "Ruefrub" {freeze, rC++ Int-4} (Okawaru gifted it to you on level 12 of the Dungeon)
 32405 | D:13     | Found Tuomn's Assorted Antiques.
 32417 | D:13     | Bought a scroll of identify for 70 gold pieces
 33294 | D:13     | Received a gift from Okawaru
 33301 | D:13     | Got a pair of smoking gloves {god gift}
 33312 | D:13     | Identified the +0 pair of gloves "Qasiheha" {-Cast Int+5} (Okawaru gifted it to you on level 13 of the Dungeon)
 33392 | D:14     | Found a gate to the Vaults.
 33547 | D:14     | Noticed Snorg
 33563 | D:14     | Killed Snorg
 34110 | D:14     | Found Qolecud's Antique Weapon Shop.
 34327 | D:15     | Entered Level 15 of the Dungeon
 34382 | D:15     | Found a staircase to the Depths.
 35007 | D:15     | Reached skill level 14 in Shields
 36029 | Swamp:1  | Entered Level 1 of the Swamp
 36154 | Swamp:1  | Received a gift from Okawaru
 36182 | Swamp:1  | Noticed Nikola
 36385 | Swamp:1  | Killed Nikola
 36385 | Swamp:1  | Reached XP level 16. HP: 82/144 MP: 13/21
 36387 | Swamp:1  | Reached skill level 5 in Slings
 36734 | Swamp:1  | Received a gift from Okawaru
 36773 | Swamp:1  | Noticed Donald
 36832 | Swamp:1  | Killed Donald
 39056 | Swamp:3  | Reached skill level 10 in Polearms
 39820 | Swamp:4  | Entered Level 4 of the Swamp
 39944 | Swamp:4  | Noticed ololoev's ghost (powerful MiBe)
 40399 | Swamp:4  | Noticed the 27-headed Lernaean hydra
 40411 | Swamp:4  | Killed the 27-headed Lernaean hydra
 40411 | Swamp:4  | Received a gift from Okawaru
 40480 | Swamp:4  | Killed ololoev's ghost
 40508 | Swamp:4  | Got a decaying rune of Zot
 40599 | Swamp:4  | Noticed Mara
 40617 | Swamp:4  | Noticed mrath's illusion
 40629 | Swamp:4  | Killed Mara
 40629 | Swamp:4  | Received a gift from Okawaru
 40629 | Swamp:4  | Reached XP level 17. HP: 154/154 MP: 22/22
 40795 | Swamp:4  | Noticed Louise
 40815 | Swamp:4  | Killed Louise
 40891 | Swamp:4  | Received a gift from Okawaru
 41331 | Lair:2   | Identified a scroll of acquirement
 41456 | Snake:1  | Entered Level 1 of the Snake Pit
 41470 | Lair:5   | Reached skill level 15 in Shields
 41609 | Snake:1  | Received a gift from Okawaru
 41857 | Snake:1  | Received a gift from Okawaru
 42019 | Snake:1  | Found Qieffufi's General Store.
 42289 | Snake:2  | Reached skill level 15 in Armour
 42324 | Snake:2  | Received a gift from Okawaru
 43771 | Snake:3  | Reached skill level 15 in Fighting
 44101 | Snake:3  | Received a gift from Okawaru
 45042 | Snake:3  | Found a radiant altar of Vehumet.
 45454 | Snake:3  | Received a gift from Okawaru
 45476 | Snake:4  | Entered Level 4 of the Snake Pit
 45529 | Snake:4  | Noticed Vashnia
 45534 | Snake:4  | Reached XP level 18. HP: 161/163 MP: 24/24
 45648 | Snake:4  | Killed Vashnia
 45648 | Snake:4  | Received a gift from Okawaru
 45696 | Snake:4  | Got an ominously black robe {god gift}
 46645 | Snake:4  | Noticed Asterion
 46664 | Snake:4  | Reached skill level 10 in Evocations
 46672 | Snake:4  | Killed Asterion
 46751 | Snake:4  | Reached skill level 16 in Shields
 47034 | Snake:3  | Received a gift from Okawaru
 47202 | Snake:4  | Found a shimmering altar of Xom.
 47396 | Snake:4  | Received a gift from Okawaru
 47594 | Snake:4  | Reached skill level 10 in Slings
 47798 | Snake:4  | Got a serpentine rune of Zot
 48539 | Elf:1    | Entered Level 1 of the Elven Halls
 49034 | Elf:1    | Received a gift from Okawaru
 49651 | Elf:1    | Received a gift from Okawaru
 49653 | Elf:1    | Reached XP level 19. HP: 149/172 MP: 25/25
 50279 | Elf:2    | Found a runed gate.
 50279 | Elf:2    | Found a runed gate.
 50279 | Elf:2    | Found a runed gate.
 50288 | Elf:2    | Noticed PeterLawrence's ghost (mighty MiFi)
 50337 | Elf:2    | Killed PeterLawrence's ghost
 51609 | Elf:2    | Got a clouded tin ring
 51613 | Elf:2    | Got a faintly glowing marble ring
 51636 | Elf:2    | Identified the ring of Imuedacs {Fire rN+} (You found it on level 2 of the Elven Halls)
 51639 | Elf:2    | Identified the ring "Yphargh" {SInv Stlth-} (You found it on level 2 of the Elven Halls)
 52250 | Elf:3    | Entered Level 3 of the Elven Halls
 52313 | Elf:3    | Found a frozen archway.
 52346 | IceCv    | Entered an ice cave
 52800 | IceCv    | Got a warped whip
 54064 | Elf:3    | Noticed Jorgrun
 54073 | Elf:3    | Killed Jorgrun
 54073 | Elf:3    | Received a gift from Okawaru
 54447 | Elf:3    | Received a gift from Okawaru
 54539 | Elf:3    | Received a gift from Okawaru
 54941 | Elf:3    | Reached skill level 17 in Shields
 54970 | Elf:3    | Received a gift from Okawaru
 55147 | Elf:3    | Reached skill level 15 in Dodging
 55175 | Elf:3    | Reached XP level 20. HP: 168/182 MP: 27/27
 55426 | Elf:3    | Upgraded the game from 0.17-a0-1882-g750edc8 to 0.17-a0-1887-g3e50df6
 55493 | Elf:3    | Got a twisted chain mail
 55504 | Elf:3    | Identified the +5 chain mail of Ferovoru {-Tele +Inv rElec rN+} (You found it on level 3 of the Elven Halls)
 55596 | Elf:3    | Identified a +1 rod of the swarm (11/11) (You found it on level 3 of the Elven Halls)
 55626 | Elf:3    | Got a slimy flail
 55627 | Elf:3    | Identified the +5 flail of the Skies Above {venom, rF++} (You found it on level 3 of the Elven Halls)
 56374 | Elf:3    | Got an ancient rapier
 56415 | Elf:3    | Identified the Disquisition on the Birds (You found it on level 3 of the Elven Halls)
 56426 | Elf:3    | Got an ichor-stained triple sword
 56448 | Elf:3    | Identified the Papyrus of the Traveller (You found it on level 3 of the Elven Halls)
 57373 | Vaults:1 | Entered Level 1 of the Vaults
 58100 | Vaults:1 | Found Cupn's Book Boutique.
 58109 | Vaults:1 | Found Wouqonga's Weapon Boutique.
 58622 | Vaults:1 | Found Xuranamyp's Assorted Antiques.
 58633 | Vaults:1 | Bought a scroll of identify for 86 gold pieces
 59247 | Vaults:2 | Noticed an ancient lich
 59289 | Vaults:2 | Killed an ancient lich
 59289 | Vaults:2 | Received a gift from Okawaru
 59384 | Vaults:2 | Found a staircase to the Crypt.
 59703 | Vaults:2 | Received a gift from Okawaru
 59704 | Vaults:2 | Got a pair of smoking boots {god gift}
 60225 | Vaults:2 | Identified the +0 pair of boots of the Armadillo {rElec rCorr} (Okawaru gifted it to you on level 2 of the Vaults)
 61316 | Vaults:3 | Found a blossoming altar of Fedhas.
 61317 | Vaults:3 | Upgraded the game from 0.17-a0-1887-g3e50df6 to 0.17-a0-1900-g45e8110
 61642 | Vaults:3 | Reached skill level 15 in Polearms
 61828 | Vaults:3 | Reached XP level 21. HP: 146/191 MP: 29/29
 61966 | Vaults:3 | Received a gift from Okawaru
 63779 | Vaults:4 | Noticed Xtahua
 63782 | Vaults:4 | Reached skill level 18 in Shields
 63809 | Vaults:4 | Killed Xtahua
 63809 | Vaults:4 | Received a gift from Okawaru
 65057 | Vaults:4 | Got a faintly glowing chain mail {god gift}
 65080 | Vaults:4 | Identified the +7 chain mail "Egalaaraq" {+Fly rPois Regen+ MP+9} (Okawaru gifted it to you on level 4 of the Vaults)
 65304 | Vaults:4 | Found Xaihuij's Book Shoppe.
 66784 | Depths:1 | Entered Level 1 of the Depths
 66839 | Depths:1 | Received a gift from Okawaru
 67697 | Depths:1 | Found a gateway to Hell.
 68347 | Depths:2 | Reached XP level 22. HP: 174/201 MP: 30/30
 68550 | Depths:2 | Found a one-way gate to the infinite horrors of the Abyss.
 68599 | Depths:2 | Found a one-way gate leading to the halls of Pandemonium.
 69011 | Depths:2 | Received a gift from Okawaru
 69817 | Depths:2 | Received a gift from Okawaru
 69818 | Depths:2 | Got a transparent hat {god gift}
 69909 | Depths:2 | Noticed a juggernaut
 69923 | Depths:2 | Killed a juggernaut
 70037 | Depths:2 | Noticed a caustic shrike
 70072 | Depths:2 | Killed a caustic shrike
 70072 | Depths:2 | Reached skill level 19 in Shields
 70516 | Depths:1 | Identified the +2 hat of the Evening {*Drain rPois Str+2 Dex+4} (Okawaru gifted it to you on level 2 of the Depths)
 70656 | Depths:2 | Noticed a caustic shrike
 70671 | Depths:2 | Killed a caustic shrike
 71132 | Depths:2 | Received a gift from Okawaru
 71430 | Depths:2 | Noticed a caustic shrike
 71439 | Depths:2 | Killed a caustic shrike
 72185 | Depths:3 | Reached XP level 23. HP: 211/211 MP: 32/32
 72286 | Depths:3 | Received a gift from Okawaru
 72351 | Depths:3 | Noticed a juggernaut
 72377 | Depths:3 | Killed a juggernaut
 72377 | Depths:3 | Received a gift from Okawaru
 72477 | Depths:3 | Noticed a juggernaut
 72497 | Depths:3 | Killed a juggernaut
 72497 | Depths:3 | Received a gift from Okawaru
 72530 | Depths:3 | Got a warped hand axe {god gift}
 72672 | Depths:3 | Identified the +0 hand axe of Truth {venom, rF+ Str+3} (Okawaru gifted it to you on level 3 of the Depths)
 72970 | Depths:3 | Found a gateway to a ziggurat.
 73513 | Depths:3 | Noticed the Enchantress
 73560 | Depths:3 | Killed the Enchantress
 73601 | Depths:3 | Got a faerie dragon armour
 73602 | Depths:3 | Identified the +4 faerie dragon armour {rElec Regen+ Dex+2 Slay-4} (You took it off the Enchantress on level 3 of the Depths)
 73952 | Depths:3 | Noticed a juggernaut
 73974 | Depths:3 | Killed a juggernaut
 73974 | Depths:3 | Received a gift from Okawaru
 75764 | Depths:4 | Noticed Margery
 75775 | Depths:4 | Received a gift from Okawaru
 75797 | Depths:4 | Killed Margery
 75866 | Depths:4 | Received a gift from Okawaru
 76341 | Depths:4 | Received a gift from Okawaru
 76523 | Depths:4 | Received a gift from Okawaru
 76603 | Depths:4 | Noticed a juggernaut
 76625 | Depths:4 | Killed a juggernaut
 76869 | Depths:4 | Reached skill level 15 in Slings
 77046 | Depths:4 | Reached skill level 20 in Armour
 77054 | Hell     | Entered the Vestibule of Hell
 77054 | Hell     | Noticed Geryon
 77134 | Depths:4 | Reached XP level 24. HP: 195/221 MP: 32/32
 77415 | Depths:4 | Received a gift from Okawaru
 77944 | Depths:4 | Received a gift from Okawaru
 78307 | Depths:4 | Received a gift from Okawaru
 78688 | Depths:4 | Upgraded the game from 0.17-a0-1900-g45e8110 to 0.17-a0-1910-g4c791fa
 78800 | Hell     | Received a gift from Okawaru
 78945 | Hell     | Killed Geryon
 78945 | Hell     | Received a gift from Okawaru
 78957 | Hell     | Got a brightly glowing plate armour {god gift}
 79107 | Hell     | Found a gateway to the ashen valley of Gehenna.
 79166 | Hell     | Found a gateway to the decaying netherworld of Tartarus.
 79235 | Hell     | Found a gateway to the Iron City of Dis.
 79616 | Lair:2   | Identified the +0 plate armour "Herulesy" {Regen+ Str+2 Dex+4} (Okawaru gifted it to you in the Vestibule of Hell)
 80086 | Vaults:5 | Entered Level 5 of the Vaults
 80502 | Vaults:5 | Noticed Frederick
 80634 | Vaults:5 | Got a wavering bone ring
 81493 | Vaults:4 | Received a gift from Okawaru
 81559 | Vaults:5 | Reached XP level 25. HP: 231/231 MP: 33/33
 82047 | Vaults:5 | Killed Frederick
 82109 | Vaults:5 | Found Cothroymp's Magic Scroll Boutique.
 82134 | Vaults:5 | Found Pyruror's Magic Scroll Boutique.
 82138 | Vaults:5 | Bought a scroll of enchant armour for 112 gold pieces
 82144 | Vaults:5 | Identified the ring "Imupych" {Fire rElec MP+9 Str+10 Int-4} (You took it off a necromancer on level 5 of the Vaults)
 82178 | Vaults:5 | Found Xif Mour's Food Emporium.
 82434 | Vaults:5 | Got a silver rune of Zot
 82670 | Vaults:5 | Noticed Armakuni's ghost (great HuWn)
 82710 | Vaults:5 | Killed Armakuni's ghost
 82710 | Vaults:5 | Reached skill level 15 in Evocations
 83122 | Vaults:5 | Got a faintly humming chain mail
 83133 | Vaults:5 | Identified the +4 chain mail "Kaosus" {+Blink rPois Str-3 Int+4} (You found it on level 5 of the Vaults)
 83924 | Depths:5 | Entered Level 5 of the Depths
 84376 | Depths:5 | Found a gate to the Realm of Zot.
 84482 | Depths:5 | Reached skill level 21 in Shields
 84546 | Depths:5 | Received a gift from Okawaru
 85196 | Depths:5 | Received a gift from Okawaru
 86598 | Lair:2   | Upgraded the game from 0.17-a0-1910-g4c791fa to 0.17-a0-1914-gde4187c
 86979 | Zot:1    | Entered Level 1 of the Realm of Zot
 88570 | Zot:2    | Reached XP level 26. HP: 242/242 MP: 33/33
 90837 | Zot:2    | Received a gift from Okawaru
 91886 | Zot:3    | Got a scorched blowgun
 92020 | Zot:3    | Received a gift from Okawaru
 92033 | Zot:3    | Identified the cursed +1 blowgun of Efaf {evade, rElec rF++ Dex+4} (You found it on level 3 of the Realm of Zot)
 93336 | Zot:3    | Found a corrupted altar of Lugonu.
 94550 | Zot:4    | Reached skill level 22 in Armour
 95046 | Zot:4    | Reached XP level 27. HP: 229/246 MP: 34/34
 95780 | Zot:3    | Received a gift from Okawaru
 97166 | Zot:5    | Entered Level 5 of the Realm of Zot
 97364 | Zot:5    | Noticed an orb of fire
 97366 | Zot:5    | Gained mutation: You are dopey. (Int -2) [an orb of fire]
 97374 | Zot:5    | Gained mutation: You tend to lose your temper in combat. [an orb of fire]
 97403 | Zot:5    | Killed an orb of fire
 97993 | Zot:5    | Noticed an ancient lich
 98028 | Zot:4    | Killed an ancient lich
 98317 | Zot:5    | Noticed an ancient lich
 98337 | Zot:4    | Killed an ancient lich
 98682 | Zot:5    | Received a gift from Okawaru
 98694 | Zot:5    | Noticed an ancient lich
 99014 | Zot:4    | Killed an ancient lich
 99014 | Zot:4    | Received a gift from Okawaru
 99439 | Zot:5    | Noticed an orb of fire
 99440 | Zot:5    | Noticed an ancient lich
 99475 | Zot:5    | Gained mutation: Your magical capacity is low (-10% MP). [an orb of fire]
 99501 | Zot:5    | Killed an orb of fire
 99588 | Zot:5    | Killed an ancient lich
 99629 | Zot:5    | Received a gift from Okawaru
 99717 | Zot:5    | Noticed an orb of fire
100619 | Lair:2   | Got a heavily runed lead ring
100621 | Lair:2   | Identified the ring "Dusidam" {EV+2 Int+4} (You acquired it on level 2 of the Lair of Beasts)
101161 | Zot:5    | Received a gift from Okawaru
101336 | Zot:4    | Upgraded the game from 0.17-a0-1914-gde4187c to 0.17-a0-1920-gafa4d75
101476 | Zot:5    | Gained mutation: You expend magic power (3 MP) to strengthen your wands. [an orb of fire]
101509 | Zot:5    | Killed an orb of fire
101667 | Zot:5    | Noticed an orb of fire
101676 | Zot:5    | Gained mutation: Your body sometimes deteriorates upon taking damage. [an orb of fire]
101685 | Zot:5    | Gained mutation: Potions and wands are less effective at restoring your health. [an orb of fire]
101696 | Zot:5    | Killed an orb of fire
101986 | Zot:5    | Received a gift from Okawaru
102718 | Zot:5    | Reached skill level 23 in Armour
102793 | Zot:5    | Got the Orb of Zot
102856 | Zot:5    | Noticed Otaifar the pandemonium lord
102858 | Zot:5    | Noticed a seraph
102858 | Zot:5    | Noticed Anwuj the pandemonium lord
102859 | Zot:5    | Noticed an orb of fire
102863 | Zot:5    | Gained mutation: Scrolls take you a little longer to read. [an orb of fire]
102868 | Zot:4    | Gained mutation: Armour fits poorly on your strangely shaped body. [an orb of fire]
102886 | Zot:4    | Killed Otaifar the pandemonium lord
102886 | Zot:4    | Gained mutation: You are weak. (Str -2) [an orb of fire]
102892 | Zot:4    | Lost mutation: Potions and wands are less effective at restoring your health. [an orb of fire]
102907 | Zot:4    | Lost mutation: You tend to lose your temper in combat. [an orb of fire]
102912 | Zot:4    | Killed Anwuj the pandemonium lord
102918 | Zot:4    | Gained mutation: You are occasionally teleported to nearby monsters. [an orb of fire]
102920 | Zot:4    | Gained mutation: You occasionally shout uncontrollably at your foes. [an orb of fire]
102927 | Zot:4    | Gained mutation: You sometimes yell uncontrollably at your foes. [an orb of fire]
102931 | Zot:4    | Gained mutation: Your body often deteriorates upon taking damage. [an orb of fire]
102937 | Zot:4    | Killed an orb of fire
102939 | Zot:4    | Lost mutation: Scrolls take you a little longer to read. [potion of cure mutation]
102939 | Zot:4    | Lost mutation: You are dopey. (Int -2) [potion of cure mutation]
102939 | Zot:4    | Lost mutation: You sometimes yell uncontrollably at your foes. [potion of cure mutation]
102939 | Zot:4    | Lost mutation: You are weak. (Str -2) [potion of cure mutation]
102939 | Zot:4    | Lost mutation: Your body often deteriorates upon taking damage. [potion of cure mutation]
103010 | Zot:4    | Received a gift from Okawaru
103093 | Zot:3    | Lost mutation: Your body sometimes deteriorates upon taking damage. [potion of cure mutation]
103093 | Zot:3    | Lost mutation: Your magical capacity is low (-10% MP). [potion of cure mutation]
103093 | Zot:3    | Lost mutation: You occasionally shout uncontrollably at your foes. [potion of cure mutation]
103093 | Zot:3    | Lost mutation: Armour fits poorly on your strangely shaped body. [potion of cure mutation]
103093 | Zot:3    | Lost mutation: Your flesh is cold resistant. [potion of cure mutation]
103132 | Zot:3    | Noticed Fyckaips the pandemonium lord
103157 | Zot:3    | Killed Fyckaips the pandemonium lord
103181 | Zot:3    | Noticed Kiacaugg the pandemonium lord
103194 | Zot:3    | Gained mutation: You are frail (-10% HP). [a neqoxec]
103208 | Zot:3    | Killed Kiacaugg the pandemonium lord
103409 | Depths:5 | Noticed Rett the pandemonium lord
103425 | Depths:5 | Gained mutation: You are very frail (-20% HP). [a neqoxec]
103429 | Depths:5 | Gained mutation: Your spells are a little easier to cast, but a little less powerful. [a neqoxec]
103435 | Depths:5 | Killed Rett the pandemonium lord
103442 | Depths:5 | Received a gift from Okawaru
103616 | Depths:4 | HP: 9/204 [angel/whip of holy wrath (3)]
103617 | Depths:4 | Blown up by a cacodemon

Vault maps used:
D:1:      ncdulo_smallfort
D:2:      lemuel_crystal_altar, lemuel_round_altar, first_bread
D:3:      grunt_temple_overflow_forces_of_nature, grunt_ministairs_1,
          elyvilon_altar_5
D:4:      gup_sewer_entry_pipe
D:5:      cheibrodos_ashenzari_chains, makhleb_grotto_becter,
          kennysheep_generic_room_15, uniq_duvessa, uniq_crazy_yiuf_cottage
D:6:      nicolae_ru_great_annihilating_truth, temple_fountains, jiyva_altar_1
D:7:      basic_altar, uniq_joseph
D:8:      lemuel_round_altar, nemelex_altar_shiori, kennysheep_generic_room_5
D:9:      grunt_temple_overflow_order_and_chaos_1, lair_0_dummy,
          minmay_misc_feat_four_crosses
D:10:     orc_0_dummy
D:12:     hangedman_stone_soup, uniq_gastronok
D:13:     minmay_separated_statues, serial_shops,
          nicolae_shop_temple_entry_statues_fountains, minmay_strange_pillars
D:14:     erik_vaults_2, serial_shops, nicolae_shop_window_shopping,
          serial_park_tiny_pond, stair_cage_cross, uniq_snorg
D:15:     hangedman_depths_entry_civil_slaughter, minmay_fountain_box
Temple:   temple_island_7
Lair:1:   beast_lair_carwin_2, grunt_megastairs_3, uniq_fannar
Lair:2:   nicolae_quartered_pool_super, hibernation_bobbens, grunt_megastairs_4
Lair:4:   swamp_mist, lemuel_fruit_tree, uniq_josephine
Lair:5:   guppyfry_snake_entry_island
Lair:7:   minmay_hedge_maze, tgw_fedhas
Lair:8:   minmay_lair_end_frog_pond, minmay_slime_entry_oklob_open,
          serial_bayou_shore_a
Swamp:1:  nicolae_swamp_trees_clearing, uniq_donald, uniq_nikola
Swamp:2:  serial_swamp_ruin, evilmike_swamp_ruin_house_4,
          evilmike_swamp_ruin_house_3
Swamp:3:  evilmike_swamp_ruin_house_5, swamp_pool1
Swamp:4:  grunt_swamp_rune_castle, swamp_pool1, infiniplex_staircase_pool,
          uniq_mara, uniq_louise
Snake:1:  serial_shops, shop
Snake:3:  basic_altar, basic_stair_grate_trap
Snake:4:  snake_pit, basic_altar, spider_trap, serial_bayou_shore_b,
          uniq_vashnia, uniq_asterion
Orc:1:    uniq_nergalle
Orc:2:    basic_altar, uniq_harold
Orc:3:    nicolae_orc_pool_cavern, uniq_urug
Orc:4:    grunt_orc_community_town_hall, grunt_orc_community_big_house_2,
          grunt_orc_community_big_house_2, grunt_orc_community_house_1,
          grunt_orc_community_house_1, grunt_orc_community_house_3,
          grunt_orc_community_house_3, grunt_orc_community_house_1,
          minmay_orc_temple_a, uniq_saint_roka
Elf:1:    minmay_elf_arrival_summoners, minmay_elf_demonology
Elf:2:    nicolae_elf_stone_circles, minivault_15, lemuel_flamethrower_3
Elf:3:    minmay_elf_hall_four_x, portal_ice_cave_entry_ice_beasts,
          kennysheep_underground_church, uniq_jorgrun
Vaults:1: v_pattern_1, vaults_mumra_hexcomb, vaults_room_grunt_arrival_ludios,
          vaults_dpeg_encased_lava, nicolae_vaults_ninety_degrees,
          ontoclasm_vaults_decontamination, vaults_room_stairs_pillars,
          nicolae_vaults_border_crossing, v_misc_14, vaults_dpeg_diagonal,
          nicolae_vaults_little_squares_4, v_rooms_3, serial_shops,
          nicolae_shop_statue_plus, shop_statue, nicolae_shop_trees
Vaults:2: vaults_dpeg_cross, hangedman_vaults_slice,
          hangedman_vaults_river_flow, v_alt_pattern_5,
          nicolae_vaults_circle_grid_a, minmay_crypt_entry_simple_box,
          vaults_room_semicircle
Vaults:3: vaults_room_door_ring, vaults_mumra_minichess_inversion,
          nicolae_vaults_alarming, ontoclasm_vaults_pinch, v_misc_11,
          v_pattern_3, nicolae_vaults_yaktaur_gun_rack, v_misc_30, basic_altar
Vaults:4: hangedman_vaults_slither, ontoclasm_vaults_eye,
          nicolae_vaults_diagonal_hallway_6, hangedman_vaults_cutoff,
          hangedman_vaults_stream, vaults_room_stairs_pillars,
          hangedman_vaults_stagger, v_pattern_2,
          ontoclasm_vaults_loading_screen, vaults_dpeg_ring, vaults_room_grid,
          grunt_vaults_diagonal, vaults_room_stairs_pillars,
          vaults_room_mumra_shop_pool, st_diamondy, nicolae_vaults_angled_halls,
          uniq_xtahua
Vaults:5: uniq_frederick
Depths:1: hell_entry, hangedman_decor_diamond_cutter, nrook_mini_backslash,
          dispersion_dpeg, grunt_megastairs_1
Depths:2: grunt_runaround, pan_entry, abyss_entry, hell_entry
Depths:3: evilmike_diamond_2, enter_ziggurat_f, hell_entry,
          grunt_pan_entry_in_and_out, uniq_enchantress
Depths:4: evilmike_horseshoe, abyss_entry, minmay_misc_feat_tower,
          grunt_metal_band, serial_bayou_shore_b, uniq_margery
Depths:5: grunt_twist_and_shout, hell_entry, minmay_stone_trees_small,
          nicolae_abyss_entry_one_way_or_another, feat_on_display
Zot:2:    grunt_megastairs_2
Zot:3:    hangedman_orp_of_zott
Zot:4:    hangedman_hellfire_club
Zot:5:    st_stairs_7
Sewer:    sewer_frog_island_02
IceCv:    ice_cave_small_demon

Action                   |  1- 3 |  4- 6 |  7- 9 | 10-12 | 13-15 | 16-18 | 19-21 | 22-24 | 25-27 || total
-------------------------+-------+-------+-------+-------+-------+-------+-------+-------+-------++-------
Melee: War axe           |   125 |   206 |   398 |    22 |       |    25 |     9 |       |       ||   785
       Flail             |       |       |    45 |   789 |       |       |       |       |       ||   834
       Spear             |       |       |       |   135 |  2021 |  1880 |  2484 |  2729 |  3331 || 12580
       Demon whip        |       |       |       |       |       |       |   142 |    20 |    20 ||   182
 Fire: Hunting sling     |       |       |    16 |    51 |    32 |    26 |   226 |   109 |   200 ||   660
       Blowgun           |       |       |       |       |    32 |    14 |       |       |       ||    46
Throw: Stone             |    29 |    16 |    24 |       |       |       |       |       |       ||    69
       Tomahawk          |       |       |     5 |    93 |   142 |    60 |   154 |    53 |    88 ||   595
       Javelin           |       |       |       |       |    29 |       |       |       |       ||    29
       Throwing net      |       |       |       |       |     2 |       |       |       |       ||     2
Invok: Heroism           |       |       |       |     9 |    14 |     7 |     8 |    12 |    15 ||    65
       Finesse           |       |       |       |     6 |    17 |     5 |     7 |     9 |    14 ||    58
Evoke: Wand              |       |       |       |     2 |     2 |     1 |    20 |     6 |     5 ||    36
       Fan of gales      |       |       |       |       |       |       |     1 |       |       ||     1
  Use: Potion            |       |     1 |     1 |     2 |     5 |     9 |     2 |     5 |    16 ||    41
       Scroll            |       |       |    12 |     3 |    17 |    12 |    15 |     6 |    18 ||    83
 Stab: Paralysed         |       |       |     2 |       |       |       |       |       |       ||     2
       Distracted        |       |       |       |       |     1 |       |       |     1 |       ||     2
       Confused          |       |       |       |       |       |     1 |       |       |       ||     1
  Eat: Pizza             |     1 |       |     1 |       |       |     1 |     3 |       |     3 ||     9
       Chunk             |     4 |     6 |     7 |    20 |    43 |    14 |    33 |    13 |    35 ||   175
       Beef jerky        |       |       |     3 |     1 |     2 |     2 |     3 |     1 |     2 ||    14
       Bread ration      |       |       |     1 |     3 |     2 |     1 |     2 |       |    12 ||    21
       Meat ration       |       |       |     1 |       |       |     2 |     1 |     5 |       ||     9
       Fruit             |       |       |       |       |     4 |    13 |     5 |     7 |     8 ||    37
       Royal jelly       |       |       |       |       |       |       |     1 |       |     2 ||     3
